 Dungeon Crawl Stone Soup version 0.27-a0-1319-geec4fb4e21 (webtiles) character file.

Game seed: 5892810071486036395

80 incorrectman1 the Magician (level 4, -2/24 HPs)
             Began as a Deep Elf Air Elementalist on June 22, 2021.
             Slain by a gnoll (12 damage)
             ... on level 2 of the Dungeon.
             The game lasted 00:05:41 (1647 turns).

incorrectman1 the Magician (DEAE)                   Turns: 1647, Time: 00:05:42

Health: -2/24      AC:  2    Str:  5    XL:     4   Next: 18%
Magic:  1/12       EV: 12    Int: 21    God:
Gold:   29         SH:  0    Dex: 15    Spells: 1/11 levels left

rFire    . . .     SeeInvis .   c - +0 whip
rCold    . . .     Faith    .   (no shield)
rNeg     . . .     Spirit   .   a - +0 robe
rPois    .         Reflect  .   (no helmet)
rElec    .         Harm     .   (no cloak)
rCorr    .         Rampage  .   (no gloves)
Will     .....                  (no boots)
Stlth    ++........             (no amulet)
HPRegen  0.08/turn              (no ring)
MPRegen  0.13/turn              (no ring)

@: no status effects
A: no striking features
a: no special abilities


You were on level 2 of the Dungeon.
You visited 1 branch of the dungeon, and saw 2 of its levels.

You collected 29 gold pieces.

Inventory:

Hand Weapons
 c - a +0 whip (weapon)
Missiles
 b - 58 stones
 d - 18 sling bullets
Armour
 a - a +0 robe (worn)
Scrolls
 e - a scroll of torment {unknown}
 f - a scroll of brand weapon {unknown}
 g - a scroll of magic mapping {unknown}
Potions
 h - a potion of heal wounds {unknown}


   Skills:
 + Level 0.1 Fighting
 + Level 0.1 Maces & Flails
 + Level 2.5 Dodging
 + Level 3.0 Stealth
 + Level 4.1 Spellcasting
 + Level 2.1 Conjurations
 + Level 3.8 Air Magic


You had one spell level left.
You knew the following spells:

 Your Spells              Type           Power      Damage    Failure   Level
a - Shock                 Conj/Air       64%        1d7       3%          1
b - Static Discharge      Conj/Air       16%        N/A       5%          2
c - Swiftness             Air            20%        N/A       8%          3
d - Airstrike             Air            10%        N/A       24%         4

Your spell library contained the following spells:

 Spells                   Type           Power      Damage    Failure   Level
 Lightning Bolt           Conj/Air       8%         1d20      67%         5


Dungeon Overview and Level Annotations

Branches:
Dungeon (2/15)

Altars:


Message History

The gnoll shouts!
Sorry, you're not good enough to have a special ability.
Unknown command.
Casting: Shock (safe; 3% risk of failure)
Confirm with . or Enter, or press ? or * to list all spells.
Aiming: Shock (safe; 3% risk of failure)
Press: ? - help, Shift-Dir - straight line, f/p - gnoll
Aim: a gnoll, wielding a +0 flail (lightly wounded, 75% to hit)
The zap misses the gnoll.
Casting: Shock (safe; 3% risk of failure)
Confirm with . or Enter, or press ? or * to list all spells.
Aiming: Shock (safe; 3% risk of failure)
Press: ? - help, Shift-Dir - straight line, f/p - gnoll
Aim: a gnoll, wielding a +0 flail (lightly wounded, 75% to hit)
The zap hits the gnoll.
The gnoll is moderately wounded.
You hear a shout!
A gnoll comes into view. It is wielding a +1 vampiric spear.
Casting: Shock (safe; 3% risk of failure)
Confirm with . or Enter, or press ? or * to list all spells.
Aiming: Shock (safe; 3% risk of failure)
Press: ? - help, Shift-Dir - straight line, f - gnoll, p - gnoll
Aim: a gnoll, wielding a +1 vampiric spear (75% to hit)
The zap misses the gnoll.
The zap hits the gnoll.
The gnoll is lightly wounded.
Casting: Shock (safe; 3% risk of failure)
Confirm with . or Enter, or press ? or * to list all spells.
Aiming: Shock (safe; 3% risk of failure)
Press: ? - help, Shift-Dir - straight line, f/p - gnoll
Aim: a gnoll, wielding a +1 vampiric spear (lightly wounded, 75% to hit)
The zap hits the gnoll.
The gnoll is moderately wounded.
The zap hits the gnoll.
The gnoll is heavily wounded.
A gnoll comes into view. It is wielding a +0 flail.
A worm and a hobgoblin come into view.
The gnoll shouts!
The gnoll hits you with a +0 flail!
Ouch! That really hurt!
You die...

.........## .#.#.#
#..#.....## .#...#
#.........# ......
#..)....†.##..g...
.#...............
##..g.g#.......w
#########
##.............
........#
##...#g#.####.
#######.#
#...@.#.# #.#
##..###.# #.# #..#
# #.######..#
#.........#
########.## #.#
#.# #.#


You could see 3 gnolls and a hobgoblin.

Vanquished Creatures
  Terence (D:2)
  2 dart slugs (D:1)
  2 ball pythons (D:1)
  2 bats
  3 endoplasms
  A giant cockroach (D:1)
  4 goblins
  6 hobgoblins
  10 jackals (D:1)
  4 kobolds
  A quokka (D:2)
  4 frilled lizards
  5 rats
45 creatures vanquished.

Notes
Turn   | Place    | Note
-------+----------+-------------------------------------------
     0 | D:1      | incorrectman1 the Deep Elf Air Elementalist began the quest
                  | for the Orb.
     0 | D:1      | Reached XP level 1. HP: 10/10 MP: 6/6
   196 | D:1      | Reached XP level 2. HP: 15/15 MP: 2/8
   464 | D:1      | Learned a level 2 spell: Static Discharge
   874 | D:1      | Reached XP level 3. HP: 16/19 MP: 3/10
  1017 | D:1      | Found a faded altar of an unknown god.
  1613 | D:2      | Noticed Terence
  1622 | D:2      | Killed Terence
  1623 | D:2      | Reached skill level 4 in Spellcasting
  1623 | D:2      | Reached XP level 4. HP: 8/24 MP: 2/12
  1627 | D:2      | Learned a level 3 spell: Swiftness
  1632 | D:2      | Learned a level 4 spell: Airstrike
  1647 | D:2      | Slain by a gnoll

Illustrated notes

Levels and vault maps discovered:
D:1:      wander_arrival_chamber, layout_loops_ring,
          ebering_ecumenical_altar_hall, hangedman_decor_points
D:2:      layout_loops_ring, uniq_terence, uniq_crazy_yiuf_cottage, uniq_sigmund

Skill      XL: |  1  2  3 |
---------------+----------+-----
Stealth        | 3 |  3.0
Spellcasting   | 4 |  4.1
Conjurations   | 2 |  2.1
Fighting       | |  0.1
Maces & Flails | |  0.1
Dodging        | |  2.5
Air Magic      | |  3.8

Action                   |  1- 3 |  4- 6 || total
-------------------------+-------+-------++-------
Melee: Unarmed           |     3 |       ||     3
       Whip              |     3 |       ||     3
 Cast: Shock             |    77 |     5 ||    82
       Static Discharge  |     6 |       ||     6
Armor: Robe              |     4 |       ||     4
Dodge: Dodged            |    12 |       ||    12

Table legend: (Time is in decaauts)
 A = Elapsed time spent in this place.
 B = Non-inter-level travel time spent in this place.
 C = Inter-level travel time spent in this place.
 D = Time resting spent in this place.
 E = Time spent auto-exploring this place.
 F = Levels seen in this place.
 G = Mean time per level.
                   A        B        C        D        E       F      G
               +--------+--------+--------+--------+--------+-----+--------+
         Total |   1646 |   1646 |      0 |      0 |   1331 |   2 |  823.0 |
       Dungeon |   1646 |   1646 |      0 |      0 |   1331 |   2 |  823.0 |
               +--------+--------+--------+--------+--------+-----+--------+

Top non-repeatable levels by time:
     D:1: 1288 daAuts
     D:2: 357 daAuts
